 Dungeon Crawl Stone Soup version 0.31.0-9-g3a7656b989 (webtiles) character file.

Game seed: 16778920210376316500

280 qw the Shooter (level 6, -5/32 HPs)
             Began as a Spriggan Hunter on Feb 2, 2024.
             Slain by a gnoll
             ... wielding a +0 halberd
             ... led by a gnoll bouda
              (10 damage)
             ... on level 4 of the Dungeon.
             The game lasted 00:00:09 (2073 turns).

qw the Shooter (Spriggan Hunter)                    Turns: 2073, Time: 00:00:09

Health: -5/32      AC:  7    Str:  7    XL:     6   Next: 5%
Magic:  7/7        EV: 20    Int: 10    God:
Gold:   237        SH:  0    Dex: 21    Spells: 5/5 levels left

rFire   . . .        a - +0 shortbow
rCold   . . .        (shield currently unavailable)
rNeg    . . .        f - +0 steam dragon scales
rPois   .            (helmet restricted)
rElec   .            d - +1 cloak {Stlth+}
rCorr   .            (gloves unavailable)
SInv    +            (boots unavailable)
Will    +....        j - amulet of regeneration
Stlth   +++          (no ring)
HPRegen 1.05/turn    (no ring)
MPRegen 0.10/turn

%: no passive effects
@: very quick
A: very small, no large weapons, unfitting armour, see invisible, speed 3
a: no special abilities


You were on level 4 of the Dungeon.
You visited 1 branch of the dungeon, and saw 4 of its levels.

You collected 1209 gold pieces.
You spent 972 gold pieces at shops.


Innate Abilities, Weirdness & Mutations

You are very small and have problems with some larger weapons.
You are too small for most types of armour.
You have supernaturally acute eyesight. (SInv)
You cover ground extremely quickly. (Speed+++)


   Skills:
 - Level 3.3 Fighting
 + Level 5.3 Ranged Weapons
 - Level 5.0 Dodging
 - Level 1.5 Stealth


You had 5 spell levels left.
You didn't know any spells.
Your spell library was empty.

Inventory:

Hand Weapons
 a - a +0 shortbow (weapon)
Armour
 d - a +1 cloak of stealth (worn)
 f - +0 steam dragon scales (worn)
Jewellery
 j - an amulet of regeneration (around neck)
Scrolls
 h - 2 scrolls of identify
Potions
 c - 3 potions of mutation
 e - 3 potions of enlightenment

Dungeon Overview and Level Annotations

Branches:
Dungeon (4/15)
 Temple: D:4-7

Altars:

Shops:
D:2 *[[:


Message History

The howler monkey hits you but does no damage.
The quokka misses you. The gnoll barely misses you.
The gnoll completely misses you. The gnoll hits you but does no damage.
The gnoll bouda hits you with a +0 club!
You shoot an arrow. The arrow hits the howler monkey!
You kill the howler monkey!
The quokka misses you. The gnoll closely misses you. The gnoll misses you.
The gnoll closely misses you.
The gnoll bouda hits you with a +0 club.
The quokka misses you.
You have reached level 6!
2067 ||| RETREEEEATING.
The gnoll misses you. The gnoll hits you with a +0 spear. The gnoll misses you.
Things that are here:
a +0 dire flail of protection; a +0 chain mail; a howler monkey corpse You shoot an arrow.
The arrow hits the gnoll.
The gnoll is heavily wounded.
The gnoll misses you. The gnoll completely misses you.
The gnoll barely misses you.
The gnoll hits you from afar with a +0 halberd.
You shoot an arrow. The arrow hits the gnoll.
The gnoll is severely wounded.
The gnoll misses you. The gnoll closely misses you. x3
You shoot an arrow. The arrow closely misses the gnoll.
The gnoll completely misses you. The gnoll closely misses you.
The gnoll hits you with a +0 spear. The gnoll completely misses you.
You shoot an arrow. The arrow hits the gnoll.
You kill the gnoll!
The gnoll barely misses you. The gnoll completely misses you.
The gnoll misses you.
You shoot an arrow. The arrow barely misses the gnoll.
The arrow hits the gnoll.
The gnoll is severely wounded.
The gnoll is no longer moving quickly. x2; The gnoll barely misses you.
The iguana misses you. The gnoll closely misses you.
The gnoll completely misses you.
You shoot an arrow. The arrow completely misses the gnoll.
The arrow closely misses the gnoll.
The iguana barely misses you.
The gnoll hits you from afar with a +0 halberd!
You die...

#########.....#
#....##.......#
##..#.##......##
#...#.#........# .
#....#.....)..# ...
####.....>.......#
....#........#....####
#.....##l...######
#...gg@gg.##
#.....###...# ##....
##$.# ###.. ..## #..
..g #.. .... ...
l..gg. ...


You could see a gnoll bouda, an iguana and 3 gnolls.

Vanquished Creatures
  Edmund (D:4)
  A howler monkey (D:4)
  An iguana (D:4)
  2 adders (D:3)
  2 gnolls (D:4)
  7 endoplasms
  A giant cockroach (D:1)
  8 goblins
  5 hobgoblins
  4 jackals (D:1)
  5 quokkas
  4 ball pythons
  6 bats
  5 frilled lizards
  8 kobolds
  3 rats
63 creatures vanquished.

Notes
Turn   | Place    | Note
-------+----------+-------------------------------------------
     0 | D:1      | qw the Spriggan Hunter began the quest for the Orb.
     0 | D:1      | Reached XP level 1. HP: 10/10 MP: 2/2
     0 | D:1      | 0 ||| qw: Version: 0.3-a-155-g5e7d8dd
     0 | D:1      | 0 ||| qw: Game counter: 2704
     0 | D:1      | 0 ||| qw: Melee chars always use a shield: true
     0 | D:1      | 0 ||| qw: God list: Okawaru
     0 | D:1      | 0 ||| qw: Allow faded altars: false
     0 | D:1      | 0 ||| qw: Do Orc after clearing Dungeon:15 true
     0 | D:1      | 0 ||| qw: Do second Lair branch before Depths: true
     0 | D:1      | 0 ||| qw: Lair rune preference: random
     0 | D:1      | 0 ||| qw: Goals: Normal
     0 | D:1      | 0 ||| PLANNING D:1-11
    25 | D:1      | Reached skill level 3 in Dodging
   134 | D:1      | Reached XP level 2. HP: 14/14 MP: 3/3
   203 | D:1      | Reached XP level 3. HP: 18/18 MP: 4/4
   275 | D:1      | Found a faded altar of an unknown god.
   363 | D:1      | 363 ||| UPGRADING to +0 cloak.
   368 | D:1      | 368 ||| UPGRADING to amulet of regeneration.
   373 | D:1      | 373 ||| READING scroll labelled ZEUGOIXKAE.
   374 | D:1      | 374 ||| READING scroll labelled HUASHA VINNUN.
   375 | D:1      | 375 ||| READING scroll labelled GEIHAO QOFF.
   375 | D:1      | 375 ||| IDENTIFYING 2 lumpy inky potions
   376 | D:1      | 376 ||| READING scroll labelled SIUWAD JADECO.
   376 | D:1      | Identified a scroll of acquirement
   376 | D:1      | 376 ||| ACQUIRING 994 gold pieces
   376 | D:1      | Acquired 994 gold pieces
   378 | D:1      | 378 ||| READING scroll labelled NAZOPHATIO.
   381 | D:1      | 381 ||| DROPPING scroll of butterflies.
   517 | D:2      | Found Vikig's Book Boutique.
   574 | D:2      | Found Fuyl Wur's Antique Armour Shop.
   580 | D:2      | 580 ||| BUYING runed cloak (120 gold).
   580 | D:2      | Bought a runed cloak for 120 gold pieces
   580 | D:2      | 580 ||| BUYING steam dragon scales (640 gold).
   580 | D:2      | Bought steam dragon scales for 640 gold pieces
   672 | D:2      | Found Oroesox's General Store.
   677 | D:2      | 677 ||| UPGRADING to +1 cloak of stealth.
   689 | D:2      | 689 ||| UPGRADING to +0 steam dragon scales.
   699 | D:2      | 699 ||| DROPPING +0 robe.
   700 | D:2      | 700 ||| DROPPING +0 cloak.
   705 | D:2      | 705 ||| BUYING potion of enlightenment (55 gold).
   705 | D:2      | Bought a potion of enlightenment for 55 gold pieces
   705 | D:2      | 705 ||| BUYING potion of mutation (88 gold).
   705 | D:2      | Bought a potion of mutation for 88 gold pieces
   705 | D:2      | 705 ||| BUYING wand of flame (9) (69 gold).
   705 | D:2      | Bought a wand of flame (9) for 69 gold pieces
   901 | D:2      | Found Jobbew's Antique Armour Shoppe.
  1494 | D:3      | Reached XP level 4. HP: 22/22 MP: 5/5
  2010 | D:4      | HP: 3/22 [iguana (12)]
  2011 | D:4      | 2011 ||| READING scroll of teleportation.
  2035 | D:4      | Noticed Edmund
  2036 | D:4      | 2036 ||| ZAPPING wand of flame (9) at 1,5 (Edmund; floor).
  2037 | D:4      | 2037 ||| RETREEEEATING.
  2040 | D:4      | 2040 ||| RETREEEEATING.
  2041 | D:4      | 2041 ||| ZAPPING wand of flame (8) at 1,2 (Edmund; floor).
  2042 | D:4      | 2042 ||| RETREEEEATING.
  2043 | D:4      | 2043 ||| ZAPPING wand of flame (7) at 1,0 (Edmund; floor).
  2044 | D:4      | 2044 ||| RETREEEEATING.
  2045 | D:4      | 2045 ||| ZAPPING wand of flame (6) at 2,0 (Edmund; floor).
  2046 | D:4      | 2046 ||| ZAPPING wand of flame (5) at 1,0 (Edmund; floor).
  2047 | D:4      | 2047 ||| ZAPPING wand of flame (4) at 1,0 (Edmund; floor).
  2048 | D:4      | 2048 ||| ZAPPING wand of flame (3) at 1,0 (Edmund; floor).
  2049 | D:4      | 2049 ||| ZAPPING wand of flame (2) at 1,0 (Edmund; floor).
  2050 | D:4      | 2050 ||| ZAPPING wand of flame (1) at 1,0 (Edmund; floor).
  2059 | D:4      | Killed Edmund
  2060 | D:4      | Reached skill level 3 in Fighting
  2060 | D:4      | Reached XP level 5. HP: 28/28 MP: 6/6
  2066 | D:4      | HP: 7/28 [gnoll bouda/+0 club (4)]
  2067 | D:4      | Reached XP level 6. HP: 8/32 MP: 7/7
  2067 | D:4      | 2067 ||| RETREEEEATING.
  2070 | D:4      | HP: 2/32 [gnoll/+0 spear[a gnoll bouda] (6)]
  2073 | D:4      | Slain by a gnoll

Levels and vault maps discovered:
D:1:      heliophobic_arrival_enchanted_forest, layout_rooms,
          ebering_ecumenical_altar_box
D:2:      layout_basic, serial_shops, nicolae_shop_advertising_works
          [nicolae_subvault_shop_adworks], shop, nicolae_square_shop,
          nicolae_shop_statue_plus
D:3:      layout_loops_ring
D:4:      layout_cave_pools, minmay_temple_entry_poolview,
          lexackson_kobold_supper, uniq_edmund

Skill      XL: |  1  2  3  4 |
---------------+-------------+-----
Dodging        | 3 4 5 |  5.0
Ranged Weapons | 5 |  5.3
Fighting       | 3 |  3.3
Stealth        | |  1.5

Action                     |  1- 3 |  4- 6 || total
---------------------------+-------+-------++-------
   Fire: Shortbow          |    96 |    44 ||   140
  Evoke: Wand              |       |     9 ||     9
    Use: Scroll            |     5 |     1 ||     6
 Armour: Robe              |     3 |       ||     3
         Steam dragon scal |     1 |    23 ||    24
  Dodge: Dodged            |    30 |    96 ||   126

Table legend:
 A = Non-vault XP
 B = Vault XP
 C = Vault XP percentage of total XP
 D = Non-vault monster count
 E = Vault monster count
 F = Vault count percentage of total count
                 A         B        C        D         E       F
            +---------+---------+-------+---------+---------+-------
      Total |     231 |     169 |  42.2 |      62 |       1 |   1.6
            +---------+---------+-------+---------+---------+-------
        D:1 |      52 |       0 |   0.0 |      32 |       0 |   0.0
        D:2 |      21 |       0 |   0.0 |      13 |       0 |   0.0
        D:3 |      44 |       0 |   0.0 |      12 |       0 |   0.0
        D:4 |     114 |     169 |  59.7 |       5 |       1 |  16.7
            +---------+---------+-------+---------+---------+-------
